 Dungeon Crawl Stone Soup version 0.02-122-g12e50fee3c (webtiles) character file.

Game seed: 17584799568631363639, levelgen mode: deterministic

196 Lanoc the Skirmisher (level 5, -2/47 HPs) Immature Draconian Demonspawn. Began on Oct 6, 2020. Slain by a sewer rat (5 damage) ... on level 2 of the Dungeon. The game lasted 00:02:30 (389 turns).

Lanoc the Skirmisher (Immature Draconian Demonspawn) Turns: 389, Time: 00:02:32

Health: -2/47      AC: 12    Str: 17    XL:     5 ^: 100
Magic:  2/9        EV: 13    Int: 12    God:
Gold:   34         SH:  0    Dex: 11    Spells: 8/9 levels left

rFire    . . .     Vision   .   a - +0 long sword
rCold    . . .     Gourm    .   (no weapon)
rNeg     . . .     Faith    .   (armour unavailable)
rPois    .         Spirit   .   (helmet restricted)
rElec    .         Reflect  .   (no cloak)
rCorr    .         Harm     .   (no gloves)
MR       .....                  (no boots)
Stlth    ++........             (no amulet)
HPRegen  0.25/turn              (no ring)
MPRegen  0.19/turn              (no ring)

@: sanguine armour, very slightly contaminated, invisible (expiring)
A: no body armour, unfitting armour, demonic guardian 1, cold-blooded, sanguine
armour 1, AC +6
a: Breathe Dart


You were on level 2 of the Dungeon.
You were not hungry.

You visited 1 branch of the dungeon, and saw 2 of its levels.

You collected 34 gold pieces.

Inventory:

Weapons
 a - a +0 long sword (weapon)
Scrolls
 b - a scroll of immolation
 e - 2 scrolls of teleportation
 f - 2 scrolls of magic mapping
Comestibles
 c - a ration


   Skills:
 + Level 4.8 Fighting
 - Level 1.5 Long Blades
 + Level 3.8 Dodging
 - Level 1.3 Stealth
 - Level 2.6 Spellcasting
   Level 3.0 Invocations


You had 8 spell levels left.
You knew the following spells:

 Your Spells              Type           Power        Failure   Level  Hunger
a - Flame Tongue          Fire           1 (40)       26%         1    #......

Your spell library contained the following spells:

 Spells                   Type           Power        Failure   Level  Hunger
 Blink                    Tloc           N/A          36%         2    ###....
 Call Imp                 Summ           1 (100)      36%         2    ###....
 Slow                     Hex            1 (100)      36%         2    ###....
 Conjure Flame            Fire           1 (100)      58%         3    ###....
 Mephitic Cloud           Pois/Air       1 (100)      58%         3    ###....


Dungeon Overview and Level Annotations

Branches:
Dungeon (2/8)

Altars:


Innate Abilities, Weirdness & Mutations

You cannot fit into any form of body armour.
Your plain brown scales are hard. (AC +6)
You can breathe rudimentary magical darts.
A weak demonic guardian rushes to your aid.
You are cold-blooded and may be slowed by cold attacks.
When seriously injured, your bleeding wounds create armour. (AC +6)


Message History

Your quasit claws the sewer rat but does no damage.
The sewer rat barely misses you (0).
You riposte.
You hit the sewer rat (1).
The sewer rat is lightly wounded. (10/11) HP The sewer rat barely misses you (0).
You riposte.
You hit the sewer rat but do no damage.
The sewer rat is heavily wounded. (5/11) HP Your shadow imp closely misses the sewer rat (0).
Casting: Flame Tongue (safe; 26% risk of failure)
Confirm with . or Enter, or press ? or * to list all spells.
Aiming: Flame Tongue (safe; 26% risk of failure)
Press: ? - help, Shift-Dir - straight line, f/p - sewer rat
Aim: a sewer rat (water, heavily wounded (5/11))
The flame tongue hits the sewer rat (1).
The sewer rat is severely wounded. (4/11) HP The withered plant is engulfed in a cloud of scalding steam.
Your quasit bites the sewer rat (2).
Your quasit misses the sewer rat (0).
Your quasit claws the sewer rat but does no damage.
The giant blowfly is engulfed in a cloud of scalding steam.
The sewer rat bites you (5).
You die...

##.≈≈≈≈..†.### #.
#.#≈P≈PP.≈≈# .... .
#..P≈P≈..## ..≈.≈
#.P≈PPPP..####..#..
..P≈≈;≈≈P≈†.≈≈≈≈≈≈..
≈≈.
≈≈§≈≈≈≈P.≈≈≈≈≈≈≈≈ ≈≈
≈≈≈§§§l≈P.≈≈≈≈≈≈≈≈
.≈≈≈≈≈≈≈Pr5†≈≈≈≈≈≈
...≈≈≈≈≈PP@≈≈≈≈≈≈≈
≈≈..≈≈≈≈≈PPr≈≈≈≈≈≈
PP..≈≈≈PP5≈§≈≈.≈≈
≈≈.≈≈P .....≈≈..
P≈.≈≈ ..####### P...
#..# ..≈≈ ≈≈.# #≈##


You could see a cinder newt, 2 sewer rats, a neutral slimehead (wandering)
(passive), a friendly quasit and a friendly shadow imp (invisible).

Vanquished Creatures
  A bullfrog (D:2)
  An adder (D:2)
  8 sewer rats (D:2)
  3 cinder newts
  A worm (D:2)
  A leopard gecko (D:1)
  5 bats
  2 giant cockroaches (D:1)
  4 goblins (D:1)
  2 hobgoblins (D:1)
  A ball python skeleton (D:2)
  2 rats (D:1)
  A plant (D:1)
32 creatures vanquished.

Vanquished Creatures (collateral kills)
  A bat (D:2)
1 creature vanquished.

Vanquished Creatures (others)
  2 plants (D:1)
  19 withered plants (D:2)
21 creatures vanquished.

Grand Total: 54 creatures vanquished

Notes
Turn   | Place    | Note
-------+----------+-------------------------------------------
     0 | D:1      | Lanoc the Immature Draconian Demonspawn began the quest for
                  | the Orb.
     0 | D:1      | Reached XP level 1. HP: 18/18 MP: 4/4
    74 | D:1      | Gained mutation: When seriously injured, your bleeding
                  | wounds create armour. (AC +6) [demonic ancestry]
    74 | D:1      | Reached XP level 2. HP: 25/25 MP: 5/5
    80 | D:1      | Reached skill level 3 in Fighting
   240 | D:1      | Reached XP level 3. HP: 31/31 MP: 7/7
   333 | D:2      | Noticed a bullfrog
   338 | D:2      | Killed a bullfrog
   338 | D:2      | Reached skill level 4 in Fighting
   338 | D:2      | Reached XP level 4. HP: 24/40 MP: 4/8
   357 | D:2      | Gained mutation: A weak demonic guardian rushes to your
                  | aid. [demonic ancestry]
   357 | D:2      | Reached XP level 5. HP: 16/47 MP: 1/9
   375 | D:2      | HP: 3/70 [sewer rat (3)]
   386 | D:2      | HP: 2/47 [sewer rat (2)]
   389 | D:2      | Slain by a sewer rat

Levels and vault maps discovered:
D:1:      roderic_crop_circles_arrival_large, layout_basic
D:2:      layout_sewer

Skill      XL: |  1  2  3 |
---------------+----------+-----
Fighting       | 3 4 |  4.8
Dodging        | 3 |  3.8
Long Blades    | |  1.5
Stealth        | |  1.3
Spellcasting   | |  2.6
Invocations    | |  3.0

Action                   |  1- 3 |  4- 6 || total
-------------------------+-------+-------++-------
Melee: Long sword        |    38 |    25 ||    63
       Unarmed           |    25 |    20 ||    45
       Tailslap          |     3 |       ||     3
 Cast: Flame Tongue      |     2 |     7 ||     9
  Use: Potion            |       |     2 ||     2
 Stab: Invisible         |       |     3 ||     3
Armor: Skin              |    19 |    75 ||    94
Dodge: Dodged            |    44 |    41 ||    85
       Rpst.: Long sword |    16 |     9 ||    25
       Unarmed           |    11 |    14 ||    25
